Map: 凯罗斯中转站-天梯版

Players

Sioras - Winner!

  • Race: Zerg Zerg

Drager

  • Race: Protoss Protoss
  • League: Diamond

Event: WESG 2018 Grand Finals

VOD

Have the link to the VOD?

Description

Time

  • Played on: March 11, 2019, 7:36 a.m.
  • Length: 8:54

All games in this series

Show
View Real Time Build Order
Export as new Build Order

Sioras Zerg - Winner!

Build Orders: Hatch First 

Get SALT Encoding   

  12  0:00  Drone  
  13  0:08  Drone  
  14  0:15  Drone, Extractor  
  15  0:21  Overlord  
  15  0:43  Hatchery  
  15  0:47  Drone  
  15  0:50  Drone  
  15  0:55  Drone  
  17  1:09  Spawning Pool  
  16  1:12  Drone  
  16  1:14  Extractor  
  16  1:17  Drone  
  17  1:22  Drone  
  18  1:30  Drone  
  19  1:41  Drone  
  20  1:52  Overlord  
  20  1:56  Queen x2  
  20  1:59  Drone  
  25  2:03  Zergling x2  
  25  2:06  Zergling x2  
  27  2:14  Drone  
  28  2:16  Drone  
  29  2:24  Drone  
  29  2:25  Metabolic Boost  
  30  2:36  Hatchery  
  29  2:38  Drone  
  29  2:42  Drone  
  29  2:43  Drone  
  32  2:46  Drone  
  32  2:50  Overlord  
  33  3:01  Drone x2  
  33  3:05  Drone  
  36  3:08  Drone x2  
  36  3:09  Queen  
  36  3:12  Zergling x4  
  42  3:20  Overlord  
  42  3:21  Drone  
  43  3:32  Spore Crawler, Drone x2  
  43  3:33  Spore Crawler  
  43  3:40  Drone x3  
  46  3:42  Drone  
  46  3:44  Overlord  
  46  3:45  Queen  
  46  3:48  Queen  
  49  3:50  Drone  
  52  3:59  Roach Warren  
  52  4:00  Drone x3  
  54  4:04  Overlord  
  54  4:09  Spore Crawler, Drone  
  54  4:14  Drone x2  
  54  4:16  Extractor  
  55  4:18  Drone x4  
  55  4:22  Overlord  
  57  4:39  Roach x5  
  57  4:42  Roach  
  67  4:46  Lair  
  67  4:52  Roach  
  69  4:53  Spore Crawler, Zergling x8  
  72  5:03  Overlord x2  
  72  5:04  Extractor  
  71  5:18  Hatchery  
  71  5:20  Roach x2  
  74  5:22  Drone x4  
  74  5:25  Extractor  
  74  5:27  Roach x2  
  74  5:28  Evolution Chamber  
  80  5:36  Overlord  
  80  5:40  Queen  
  82  5:45  Glial Reconstitution  
  82  5:46  Overseer  
  82  5:58  Roach x4  
  82  6:00  Overlord  
  82  6:02  Zerg Missile Weapons Level 1  
  82  6:04  Overlord x3  
  89  6:05  Overlord  
  89  6:13  Drone  
  89  6:14  Drone  
  91  6:25  Drone x3  
  94  6:26  Ravager x3  
  94  6:27  Roach x2  
  94  6:29  Overlord  
  94  6:31  Overlord  
  101  6:36  Roach  
  101  6:37  Roach x3  
  109  6:40  Ravager  
  109  6:41  Zergling x4  
  109  6:45  Zergling x6  
  115  6:47  Ravager  
  115  6:52  Roach x2  
  120  6:56  Overlord  
  120  6:58  Roach  
  122  7:04  Roach  
  124  7:09  Roach  
  124  7:10  Roach x3  
  124  7:12  Roach  
  124  7:13  Roach  
  136  7:19  Roach x4  
  120  7:30  Roach  
  120  7:31  Roach  
  120  7:36  Roach x3  
  113  7:39  Roach  
  113  7:40  Roach x2  
  107  7:46  Roach x4, Zergling x2  
  107  7:47  Zergling x2  
  99  7:53  Roach  
  99  7:54  Roach  
  99  7:58  Roach x3  
  105  8:03  Roach  
  107  8:09  Roach x3  
  113  8:13  Zergling x2  
  113  8:14  Zergling x4  
  113  8:16  Ravager  
  117  8:21  Zergling x6  
  117  8:25  Overseer  
  120  8:30  Drone x2  
Show
View Real Time Build Order
Export as new Build Order

Drager Protoss 

Build Orders: 1 Gate Expand, Archon Immortal, Archon Drop, Dark Templar Rush 

Get SALT Encoding   

  12  0:00  Probe  
  13  0:12  Probe  
  14  0:17  Pylon  
  14  0:23  Probe  
  15  0:31  Probe  
  15  0:39  Probe, Gateway  
  16  0:47  Assimilator  
  17  0:51  Probe  
  18  1:03  Probe  
  19  1:15  Probe  
  20  1:24  Nexus  
  20  1:34  Cybernetics Core  
  20  1:36  Probe  
  21  1:43  Assimilator  
  21  1:49  Probe  
  22  1:54  Pylon  
  22  2:01  Probe  
  23  2:02  Adept  
  23  2:13  Probe, Warp Gate  
  26  2:23  Twilight Council  
  26  2:25  Probe  
  27  2:33  Probe  
  27  2:34  Probe  
  30  2:38  Stalker  
  30  2:41  Probe  
  30  2:42  Probe  
  31  2:50  Probe, Robotics Facility  
  33  2:52  Probe  
  35  3:02  Probe  
  35  3:04  Probe  
  37  3:15  Probe  
  37  3:16  Dark Shrine, Probe  
  40  3:27  Probe  
  40  3:28  Probe  
  40  3:29  Gateway  
  40  3:31  Warp Prism, Gateway  
  40  3:32  Gateway  
  41  3:39  Probe  
  42  3:46  Pylon  
  42  3:48  Probe  
  45  3:51  Probe  
  45  3:53  Pylon  
  46  4:04  Probe x2  
  46  4:06  Assimilator  
  46  4:08  Assimilator  
  48  4:16  Probe x2  
  50  4:28  Probe x2  
  50  4:30  Dark Templar x3  
  57  4:34  Pylon  
  55  4:40  Probe x2  
  57  4:48  Dark Templar  
  57  4:51  Immortal  
  57  4:52  Probe  
  60  4:58  Pylon  
  60  5:04  Forge  
  60  5:06  Zealot x2  
  68  5:12  Archon x2  
  68  5:17  Zealot  
  68  5:20  Nexus, Pylon  
  70  5:21  Immortal  
  70  5:22  Protoss Ground Weapons Level 1  
  70  5:30  Charge  
  74  5:43  Gateway x2  
  74  5:47  Gateway  
  74  5:49  Immortal  
  74  5:51  Gateway  
  78  6:05  Sentry x2  
  78  6:06  Pylon  
  78  6:08  Sentry  
  78  6:09  Sentry  
  86  6:14  Pylon  
  86  6:22  Observer  
  86  6:25  Pylon  
  86  6:32  Zealot x4  
  93  6:39  Pylon  
  95  6:45  Dark Templar x2  
  95  6:46  Zealot x2  
  103  6:49  Archon  
  103  6:55  Zealot x3  
  103  6:56  Zealot  
  111  7:19  Zealot x6  
  95  7:33  Zealot  
  95  7:34  Zealot  
  83  7:39  Zealot x4  
  83  7:40  Zealot x2  
  83  7:49  Probe  
  83  7:50  Probe, Immortal  
  61  7:58  Probe  
  61  8:01  Probe  
  61  8:02  Probe  
  68  8:06  Stalker x2  
  68  8:09  Zealot  
  74  8:13  Sentry x2  
  74  8:15  Zealot  
  81  8:23  Zealot  
  77  8:35  Templar Archives  
  77  8:40  Zealot x3  
  76  8:45  Zealot x2  
  64  8:49  Zealot  
Tags
 
Add a new tag
Caveats
  • Supply blocks, unpowered buildings, or Contaminate may cause inaccurate times.
  • Supply counts are checked every 10 seconds.